 Dungeon Crawl Stone Soup version 0.29-a0-732-g3d7fbe0af2 (webtiles) character file.

Game seed: 17085384926673884927

28 zeratav the Shooter (level 2, 0/14 HPs)
             Began as a Spriggan Hunter on June 29, 2022.
             Frozen to death by an endoplasm (4 damage)
             ... on level 1 of the Dungeon.
             The game lasted 00:00:47 (431 turns).

zeratav the Shooter (Spriggan Hunter)                Turns: 431, Time: 00:00:47

Health: 0/14       AC:  2    Str:  7    XL:     2   Next: 96%
Magic:  3/3        EV: 17    Int: 10    God:
Gold:   65         SH:  0    Dex: 18    Spells: 1/1 levels left

rFire   . . .      SeeInvis +   a - +0 shortbow {bow}
rCold   . . .      Faith    .   (shield currently unavailable)
rNeg    . . .      Spirit   .   c - +0 robe
rPois   .          Reflect  .   (helmet restricted)
rElec   .          Harm     .   (no cloak)
rCorr   .          Rampage  .   (gloves unavailable)
Will    .....                   (boots unavailable)
Stlth   ++........              (no amulet)
HPRegen 0.04/turn               (no ring)
MPRegen 0.08/turn               (no ring)

@: very quick
A: very small, no large weapons, unfitting armour, see invisible, speed 3
a: no special abilities


You were on level 1 of the Dungeon.
You visited 1 branch of the dungeon, and saw 2 of its levels.

You collected 65 gold pieces.


Innate Abilities, Weirdness & Mutations

You are very small and have problems with some larger weapons.
You are too small for most types of armour.
You have supernaturally acute eyesight. (SInv)
You cover ground extremely quickly. (Speed+++)


   Skills:
 - Level 1.5 Fighting
 + Level 6.0 Ranged Weapons
 - Level 2.6 Dodging
 - Level 1.5 Stealth


You had one spell level left.
You didn't know any spells.
Your spell library was empty.

Inventory:

Hand Weapons
 a - a +0 shortbow (weapon) {bow}
Armour
 c - a +0 robe (worn)
Jewellery
 g - an amulet of reflection
   (You found it on level 1 of the Dungeon)
Scrolls
 b - a scroll of immolation {!r!r}
 f - a scroll of identify {unknown}
Potions
 d - a potion of haste {unknown}
 e - a potion of attraction {unknown}

Dungeon Overview and Level Annotations

Branches:
Dungeon (2/15) Zot: 11692

Altars:

#######......##.#####......#
#............÷÷.....########
##.......###.#.#.##....#
.))..........#.........#
.............#...#.....#
...######.........)....#
...# #....##..#.....# ####
#....##hh#.....#
#....###@#.##### ######
#J#.# ####.#.# #......#
###÷#### #.....# #.#####
#....# #######.#


You could see an endoplasm and 2 jackals.


Message History

You kill the endoplasm!
Your Ranged Weapons skill increases to level 6!
No target in view!
A goblin comes into view. It is wielding a +0 club.
You shoot an arrow. The arrow hits the goblin.
The goblin shouts!
You shoot an arrow. The arrow hits the goblin!
You kill the goblin!
No target in view!
No target in view!
No target in view!
No target in view!
No target in view!
No target in view!
No target in view!
No target in view!
No target in view!
No target in view!
No target in view!
You now have 65 gold pieces (gained 13).
Things that are here:
a +0 club {mace}; a goblin corpse Done exploring.
Done exploring.
No target in view!
(D) Dungeon
Where to? (? - help)
There is a stone staircase leading down here.
You climb downwards.
There is a stone staircase leading up here.
There are monsters nearby!
There are monsters nearby!
You shoot an arrow. The arrow hits the jackal.
The jackal barks!
The endoplasm quivers.
The jackal bites you.
HP[-1]
You take 1 damage, and now have 13/14 hp.
You shoot an arrow. The arrow misses the jackal.
The jackal misses you. x2
The jackal completely misses you.
The jackal bites you but does no damage.
You shoot an arrow. The arrow closely misses the jackal.
The jackal completely misses you. The jackal closely misses you. x2
You shoot an arrow.
The arrow hits the jackal but does no damage.
The jackal closely misses you. x2
You shoot an arrow. The arrow hits the jackal.
The jackal misses you. The jackal closely misses you.
The endoplasm barely misses you. The jackal misses you.
The jackal barely misses you. The endoplasm hits you.
HP[-1]
You take 1 damage, and now have 12/14 hp.
You shoot an arrow. The arrow barely misses the jackal.
The jackal misses you. The jackal bites you. The endoplasm freezes you.
You are frozen.
* * * LOW HITPOINT WARNING * * *
The jackal misses you.
The jackal bites you but does no damage.
You are too injured to fight recklessly!
You are too injured to fight recklessly!
HP[-6]
You take 6 damage, and now have 6/14 hp.
MASSIVE DAMAGE!! (PAUSE)
You are too injured to fight recklessly!
You are too injured to fight recklessly!
You are too injured to fight recklessly!
You are too injured to fight recklessly!
You are too injured to fight recklessly!
You are too injured to fight recklessly!
You are too injured to fight recklessly!
You are too injured to fight recklessly!
You are too injured to fight recklessly!
You are too injured to fight recklessly!
You are too injured to fight recklessly!
You are too injured to fight recklessly!
You are too injured to fight recklessly!
The jackal closely misses you. The jackal completely misses you.
The endoplasm hits you.
* * * LOW HITPOINT WARNING * * *
You climb upwards.
There is a stone staircase leading down here.
HP[-3]
You take 3 damage, and now have 3/14 hp.
MASSIVE DAMAGE!! (PAUSE) Fire: a) +0 shortbow {bow}
Press: ? - help, Q - select action Shift-Dir - straight line You shoot an arrow.
The jackal closely misses you. The jackal completely misses you.
The endoplasm hits you but does no damage.
The jackal closely misses you.
The jackal bites you but does no damage.
Fire: a) +0 shortbow {bow}
Press: ? - help, Q - select action Shift-Dir - straight line, f - endoplasm
Aim: an endoplasm You shoot an arrow.
The arrow hits the endoplasm.
The jackal bites you but does no damage.
The jackal barely misses you. The endoplasm freezes you.
You are frozen.
You die...

Skill      XL: |  1  2 |
---------------+-------+-----
Ranged Weapons | 5 6 |  6.0
Fighting       | |  1.5
Dodging        | |  2.6
Stealth        | |  1.5

Action                   || total
-------------------------++-------
 Fire: Shortbow          ||    56
Armor: Robe              ||     7
Dodge: Dodged            ||    28

Levels and vault maps discovered:
D:1:      heliophobic_arrival_battle_scene, layout_basic
D:2:      layout_basic, shapermc_ecumenical_altar_mp_ritualfount, minivault_26,
          minmay_hedge_maze

Notes
Turn   | Place    | Note
-------+----------+-------------------------------------------
     0 | D:1      | zeratav the Spriggan Hunter began the quest for the Orb.
     0 | D:1      | Reached XP level 1. HP: 10/10 MP: 2/2
     0 | D:1      | magus.rc [v1.9.6]
    32 | D:1      | Reached skill level 5 in Ranged Weapons
    75 | D:1      | Reached XP level 2. HP: 14/14 MP: 3/3
   394 | D:1      | Reached skill level 6 in Ranged Weapons
   428 | D:2      | HP: 3/14 [endoplasm (3)]
   431 | D:1      | Frozen to death by an endoplasm

Vanquished Creatures
  2 endoplasms (D:1)
  A giant cockroach (D:1)
  3 goblins (D:1)
  2 hobgoblins (D:1)
  4 jackals (D:1)
  3 kobolds (D:1)
  A quokka (D:1)
  3 bats (D:1)
  A frilled lizard (D:1)
  2 rats (D:1)
22 creatures vanquished.

Table legend:
 A = Non-vault XP
 B = Vault XP
 C = Vault XP percentage of total XP
 D = Non-vault monster count
 E = Vault monster count
 F = Vault count percentage of total count
                 A         B        C        D         E       F
            +---------+---------+-------+---------+---------+-------
      Total |      40 |       0 |   0.0 |      22 |       0 |   0.0
            +---------+---------+-------+---------+---------+-------
        D:1 |      40 |       0 |   0.0 |      22 |       0 |   0.0
            +---------+---------+-------+---------+---------+-------

Illustrated notes

Table legend:
 A = Kills in this place as a percentage of kills in entire the game.
 B = Kills by you in this place as a percentage of kills by you in the entire game.
 C = Kills by friends in this place as a percentage of kills by friends in the entire game.
 D = Other kills in this place as a percentage of other kills in the entire game.
 E = Experience gained in this place as a percentage of experience gained in the entire game.
 F = Experience gained in this place divided by the number of levels of this place that you have seen.
                   A       B       C       D       E      F
               +-------+-------+-------+-------+-------+----------------------
         Total | 100.0 | 100.0 |   N/A |   N/A | 100.0 |  20.0
       Dungeon | 100.0 | 100.0 |   N/A |   N/A | 100.0 |  20.0
               +-------+-------+-------+-------+-------+----------------------

Table legend: (Time is in decaauts)
 A = Elapsed time spent in this place.
 B = Non-inter-level travel time spent in this place.
 C = Inter-level travel time spent in this place.
 D = Time resting spent in this place.
 E = Time spent auto-exploring this place.
 F = Levels seen in this place.
 G = Mean time per level.
                   A        B        C        D        E       F      G
               +--------+--------+--------+--------+--------+-----+--------+
         Total |    306 |    295 |     11 |      0 |    204 |   2 |  153.0 |
       Dungeon |    306 |    295 |     11 |      0 |    204 |   2 |  153.0 |
               +--------+--------+--------+--------+--------+-----+--------+

Top non-repeatable levels by time:
     D:1: 297 daAuts
     D:2: 8 daAuts
